 Dungeon Crawl Stone Soup version 0.22-a0-469-gf26638a (webtiles) character file.

25 pk666 the Firebug (level 2, 9/15 HPs)
             Began as a Deep Elf Fire Elementalist on June 13, 2018.
             Quit the game on level 1 of the Dungeon.
             The game lasted 00:01:34 (406 turns).

pk666 the Firebug (Deep Elf Fire Elementalist)       Turns: 406, Time: 00:01:34

Health: 9/15       AC:  2    Str:  5    XL:     2   Next: 86%
Magic:  5/8        EV: 13    Int: 19    God:
Gold:   39         SH:  0    Dex: 15    Spells: 6/7 levels left

rFire    . . .     SeeInvis .   (no weapon)
rCold    . . .     Gourm    .   (no shield)
rNeg     . . .     Faith    .   a - +0 robe
rPois    .         Spirit   .   (no helmet)
rElec    .         Reflect  .   (no cloak)
rCorr    .         Harm     .   (no gloves)
MR       .....                  (no boots)
Stlth    ++........             (no amulet)
HPRegen  0.05/turn              (no ring)
MPRegen  0.11/turn              (no ring)

@: no status effects
A: no striking features
a: no special abilities


You were on level 1 of the Dungeon.
You were not hungry.

You visited 1 branch of the dungeon, and saw 1 of its levels.

You collected 39 gold pieces.

Inventory:

Armour
 a - a +0 robe (worn)
Scrolls
 d - a scroll of enchant armour {unknown}
 e - a scroll of identify {unknown}
Potions
 b - 2 potions of mutation {unknown}
Comestibles
 c - 4 rations


   Skills:
 + Level 2.6 Dodging
 + Level 2.7 Stealth
 + Level 3.3 Spellcasting
 + Level 1.4 Conjurations
 + Level 4.0 Fire Magic


You had 6 spell levels left.
You knew the following spells:

 Your Spells              Type           Power        Failure   Level  Hunger
a - Flame Tongue          Conj/Fire      ##...        4%          1    None

Your spell library contained the following spells:

 Spells                   Type           Power        Failure   Level  Hunger
 Fireball                 Conj/Fire      ##........   80%         5    ######.
 Conjure Flame            Conj/Fire      ##......     14%         3    ###....
 Throw Flame              Conj/Fire      ##....       8%          2    ##.....
 Sticky Flame             Conj/Fire      ##......     43%         4    ####...
 Inner Flame              Hex/Fire       ##......     19%         3    ###....


Dungeon Overview and Level Annotations

Branches:
Dungeon (1/15)

Altars:


Message History

Aiming: Flame Tongue (safe; 4% risk of failure)
Press: ? - help, Shift-Dir - straight line, f/p - jackal
Aim: a jackal The flame tongue misses the jackal.
The jackal misses you. The jackal barely misses you.
Casting: Flame Tongue (safe; 4% risk of failure)
Confirm with . or Enter, or press ? or * to list all spells.
Aiming: Flame Tongue (safe; 4% risk of failure)
Press: ? - help, Shift-Dir - straight line, f/p - jackal
Aim: a jackal The flame tongue hits the jackal.
You kill the jackal!
Your Fire Magic skill increases to level 4!
Unknown command.
You start resting.
Your magical contamination has completely faded away.
Saving game... please wait.
Welcome back, pk666 the Deep Elf Fire Elementalist.
Press ? for a list of commands and other information.
Are you sure you want to abandon this character and quit the game? (Confirm with "yes".)

#..####### #.#
#[#......#).# #.#
#....... #..#
#.......##..#
#........#..#
#......#.#.[###
#.....†.#....##
#.....†##.###.#
#..@....# #.######.#
##.#)##.###........#
###.##.[..#######.#
#..........†....#
######.##.#######
#>##.# #.##.# #.##.#
#.##.#


There were no monsters in sight!

Vanquished Creatures
  2 dart slugs (D:1)
  A bat (D:1)
  2 giant cockroaches (D:1)
  A goblin (D:1)
  4 hobgoblins (D:1)
  4 jackals (D:1)
  A frilled lizard (D:1)
  2 kobolds (D:1)
  2 rats (D:1)
19 creatures vanquished.

Notes
Turn   | Place    | Note
-------+----------+-------------------------------------------
     0 | D:1      | pk666 the Deep Elf Fire Elementalist began the quest for the Orb.
     0 | D:1      | Reached XP level 1. HP: 10/10 MP: 6/6
   170 | D:1      | Reached XP level 2. HP: 10/15 MP: 5/8
   387 | D:1      | Reached skill level 4 in Fire Magic
   406 | D:1      | Quit the game

Vault maps used:
D:1:      dpeg_arrival_water_temple_mockup

Skill      XL: |  1  2 |
---------------+-------+-----
Fire Magic     | 4 |  4.0
Dodging        | |  2.6
Stealth        | |  2.7
Spellcasting   | |  3.3
Conjurations   | |  1.4

Action                   || total
-------------------------++-------
 Cast: Flame Tongue      ||    30
Armor: Robe              ||     3
Dodge: Dodged            ||    14

Table legend:
 A = Spawn XP
 B = Non-spawn XP
 C = Spawn XP percentage of total XP
 D = Spawn monster count
 E = Non-spawn monster count
 F = Spawn count percentage of total count
 G = Total turns spent on level
                    A         B        C        D         E        F      G
               +---------+---------+-------+---------+---------+-------+---------
         Total |       0 |      37 |   0.0 |       0 |      19 |   0.0 |   406
               +---------+---------+-------+---------+---------+-------+---------
           D:1 |       0 |      37 |   0.0 |       0 |      19 |   0.0 |   406
               +---------+---------+-------+---------+---------+-------+---------
